 Dungeon Crawl Stone Soup version 0.31-a0-96-g196d5507e3 (webtiles) character file.

Game seed: 4829489121630617270

50 629fm the Shield-Bearer (level 3, 0/24 HPs)
             Began as a Gargoyle Fighter on Apr 7, 2023.
             Slain by Natasha (7 damage)
             ... on level 2 of the Dungeon on May 26, 2023.
             The game lasted 00:01:25 (1062 turns).

629fm the Shield-Bearer (Gargoyle Fighter)          Turns: 1062, Time: 00:01:25

Health: 0/24       AC: 10    Str: 21    XL:     3   Next: 79%
Magic:  3/3        EV: 14    Int:  8    God:
Gold:   48         SH:  4    Dex:  9    Spells: 2/2 levels left

rFire   . . .        a - +0 flail
rCold   . . .        c - +0 buckler
rNeg    + . .        b - +0 scale mail
rPois   ∞            (no helmet)
rElec   +            (no cloak)
rCorr   .            (no gloves)
SInv    .            (no boots)
Will    .....        (no amulet) Stlth
                     h - +5 ring of evasion
HPRegen 0.24/turn    (no ring)
MPRegen 0.08/turn

%: no passive effects
@: slowed, very slow
A: sickness immunity, AC +3, negative energy resistance 1, electricity
resistance, torment resistance 1, petrification resistance
a: no special abilities


You were on level 2 of the Dungeon.
You visited 1 branch of the dungeon, and saw 2 of its levels.

You collected 48 gold pieces.

Inventory:

Hand Weapons
 a - a +0 flail (weapon)
Armour
 b - a +0 scale mail (worn)
 c - a +0 buckler (worn)
Jewellery
 h - a +5 ring of evasion (left hand)
Scrolls
 f - a scroll of silence {unknown}
 i - 2 scrolls of enchant weapon
Potions
 d - a potion of might


   Skills:
 + Level 3.8 Fighting
 + Level 2.6 Maces & Flails
 + Level 3.8 Armour
 + Level 3.8 Shields


You had 2 spell levels left.
You didn't know any spells.
Your spell library contained the following spells:

 Spells                   Type           Power      Damage    Failure   Level
 Apportation              Tloc           0%         N/A       82%         1
 Alistair's Intoxication  Tmut/Pois      0%         N/A       100%        5


Dungeon Overview and Level Annotations

Branches:
Dungeon (2/15)

Altars:

Annotations:
D:2 Natasha


Innate Abilities, Weirdness & Mutations

You are immune to sickness and miasma.
Your stone body is resilient. (AC +3)
You are immune to poison.
You resist negative energy. (rN+)
You are resistant to electric shocks. (rElec)
You are resistant to unholy torment.
You are immune to petrification.


Message History

You hit Natasha.
Natasha is almost dead.
Natasha claws you! The cerulean imp misses you.
The cerulean imp completely misses you.
Natasha stares at you and mumbles some strange words.
You feel as though you will be slow longer.
The cerulean imp hits you but does no damage.
The cerulean imp closely misses you.
You barely miss Natasha.
Natasha is almost dead.
Natasha mumbles some strange words.
The cerulean imp hits you but does no damage.
You block the cerulean imp's attack.
Natasha stares at you and mumbles some strange words.
The magic dart hits you. The cerulean imp misses you.
The cerulean imp closely misses you.
You closely miss Natasha.
Natasha is almost dead.
Natasha wildly gestures.
Natasha's front paws start to glow.
Natasha stares at you and mumbles some strange words.
You resist with significant effort. The cerulean imp closely misses you.
The cerulean imp hits you from afar with a +1 spear.
Natasha claws you.
* * * LOW HITPOINT WARNING * * *
The cerulean imp barely misses you.
The cerulean imp hits you but does no damage.
The cerulean imp barely misses you.
You barely miss Natasha.
Natasha is almost dead.
Natasha closely misses you. The cerulean imp closely misses you.
You block the cerulean imp's attack. The cerulean imp misses you.
Natasha misses you. The cerulean imp misses you.
You barely miss Natasha.
Natasha is almost dead.
The cerulean imp disappears in a puff of smoke!
The cerulean imp barely misses you. x2; Natasha claws you but does no damage.
You block the cerulean imp's attack. The cerulean imp barely misses you.
Natasha claws you!
You die...

.........##
#.....#..
.###...#.#.#
...........#
#.........<#
#..).....#÷##
#....#....†#
#.........##
#........@.#
.....#.†.h§#
#...##..55.#
.... #.....#
#......#
........#
......##.....
........$..#...
..>......
#..##.


You could see Natasha and 2 cerulean imps.

Vanquished Creatures
  Natasha (D:2)
  An adder (D:1)
  A worm (D:2)
  An endoplasm (D:1)
  A goblin (D:1)
  A hobgoblin (D:1)
  3 kobolds (D:1)
  A quokka (D:1)
  3 ball pythons (D:2)
  A rat (D:2)
14 creatures vanquished.

Notes
Turn   | Place    | Note
-------+----------+-------------------------------------------
     0 | D:1      | 629fm the Gargoyle Fighter began the quest for the Orb.
     0 | D:1      | Reached XP level 1. HP: 14/14 MP: 1/1
   478 | D:1      | Reached XP level 2. HP: 19/19 MP: 2/2
   911 | D:2      | Noticed Natasha
   921 | D:2      | Upgraded the game from 0.30-a0-1016-gfb0d676c02 to
                  | 0.31-a0-96-g196d5507e3
   921 | D:2      | Reached XP level 3. HP: 13/23 MP: 3/3
   992 | D:2      | Killed Natasha
  1005 | D:2      | Noticed Natasha
  1062 | D:2      | Slain by Natasha

Illustrated notes

Levels and vault maps discovered:
D:1:      minmay_arrival_wavy_path, layout_loops_cross,
          dreamdust_princess_bridge
D:2:      layout_rooms, uniq_jessica, uniq_crazy_yiuf_cottage, uniq_natasha

Action                     || total
---------------------------++-------
  Melee: Flail             ||    49
    Use: Potion            ||     1
         Scroll            ||     1
 Armour: Scale mail        ||    27
  Dodge: Dodged            ||    49
  Block: Buckler           ||    16

Table legend: (Time is in decaauts)
 A = Elapsed time spent in this place.
 B = Non-inter-level travel time spent in this place.
 C = Inter-level travel time spent in this place.
 D = Time resting spent in this place.
 E = Time spent auto-exploring this place.
 F = Levels seen in this place.
 G = Mean time per level.
                   A        B        C        D        E       F      G
               +--------+--------+--------+--------+--------+-----+--------+
         Total |   1087 |   1024 |     63 |    148 |    703 |   2 |  543.5 |
       Dungeon |   1087 |   1024 |     63 |    148 |    703 |   2 |  543.5 |
               +--------+--------+--------+--------+--------+-----+--------+

Top non-repeatable levels by time:
     D:1: 940 daAuts
     D:2: 146 daAuts
